 Dungeon Crawl Stone Soup version 0.23-a0-484-g29ba69c (webtiles) character file.

5601 RoseArtemis the Grappler (level 10, -3/102 HPs)
             Began as a Troll Monk on Nov 30, 2018.
             Was a Follower of Ru.
             Killed from afar by an electric eel (12 damage)
             ... with a bolt of electricity
             ... on level 8 of the Dungeon.
             The game lasted 00:14:38 (6716 turns).

RoseArtemis the Grappler (Troll Monk)               Turns: 6716, Time: 00:14:38

Health: -3/102     AC:  8    Str: 26    XL:     10   Next: 45%
Magic:  9/9        EV: 10    Int:  6    God:    Ru [*.....]
Gold:   382        SH:  0    Dex: 15    Spells: 9/9 levels left

rFire    . . .     SeeInvis .     - Unarmed
rCold    . . .     Gourm    +   (no shield)
rNeg     . . .     Faith    .   q - +0 troll leather armour
rPois    .         Spirit   .   (helmet restricted)
rElec    .         Reflect  .   m - scarf {cloud immunity}
rCorr    .         Harm     .   (gloves unavailable)
MR       .....                  (boots unavailable)
Stlth    ..........             i - amulet of regeneration
HPRegen  1.47/turn              (no ring)
MPRegen  0.11/turn              (no ring)

@: mighty, hasted, very quick
A: large, unfitting armour, claws 3, fast metabolism 3, gourmand, regeneration
1, shaggy fur 1, tough skin 2, no stealth, no fire magic, no hexes magic, no
translocations magic
a: Renounce Religion


You were on level 8 of the Dungeon.
You worshipped Ru.
Ru was aware of your devotion.
You were completely stuffed.

You visited 2 branches of the dungeon, and saw 9 of its levels.

You collected 382 gold pieces.

Inventory:

Armour
 m - a scarf of cloud immunity (worn)
 q - a +0 troll leather armour (worn)
Jewellery
 i - an amulet of regeneration (around neck)
Wands
 f - a wand of clouds (4)
 o - a wand of iceblast (8)
 u - a wand of random effects (19)
Scrolls
 a - 3 scrolls of identify
 e - 2 scrolls of remove curse
 j - 5 scrolls of enchant weapon
 n - 2 scrolls of teleportation
Potions
 c - 2 potions of flight
 d - 2 potions of resistance
 l - 3 potions of brilliance
 p - 2 potions of mutation
Comestibles
 b - 24 rations
 h - 7 chunks of flesh


   Skills:
 + Level 7.0 Fighting
 + Level 6.4 Armour
 - Level 2.4 Dodging
 * Level 11.4 Unarmed Combat


You had 9 spell levels left.
You didn't know any spells.
Your spell library contained the following spells:

 Spells                   Type           Power        Failure   Level  Hunger
 Animate Skeleton         Necr           N/A          50%         1    ##.....
 Pain                     Necr           #...         50%         1    ##.....
 Shock                    Conj/Air       #...         50%         1    ##.....
 Swiftness                Chrm/Air       #.......     63%         2    ###....
 Regeneration             Chrm/Necr      #.........   86%         3    ####...
 Static Discharge         Conj/Air       #.......     86%         3    ####...
 Vampiric Draining        Necr           #.........   86%         3    ####...
 Airstrike                Air            #.........   99%         4    #####..
 Animate Dead             Necr           N/A          99%         4    #####..
 Lightning Bolt           Conj/Air       #.........   100%        5    ######.


Dungeon Overview and Level Annotations

Branches:
Dungeon (8/15)             Temple (1/1) D:6            Lair (0/6) D:8

Altars:
Ashenzari
Cheibriados
Dithmenos
Elyvilon
Fedhas
Gozag
Kikubaaqudgha
Makhleb
Nemelex Xobeh
Okawaru
Qazlal
Ru
Trog
Uskayaw
Vehumet
Wu Jian
Xom
Yredelemnul
Zin
The Shining One

Shops:
D:4 %   D:5 !


Innate Abilities, Weirdness & Mutations

You are too large for most types of armour.
You have claws for hands.
Your metabolism is lightning-fast.
You like to eat raw meat.
Your natural rate of healing is unusually fast.
You are covered in fur. (AC +1)
You have very tough skin. (AC +2)
You cannot be stealthy.
You cannot study or cast Fire magic.
You cannot study or cast Hexes magic.
You cannot study or cast Translocations magic.


Message History

You miss the electric eel.
The electric eel shoots out a bolt of lightning at you!
The bolt of electricity hits you!
* * * LOW HITPOINT WARNING * * *
You feel very mighty all of a sudden.
The electric eel shoots out a bolt of lightning at you!
The bolt of electricity hits you!
* * * LOW HITPOINT WARNING * * *
Okay, then.
You feel yourself speed up.
The electric eel shoots out a bolt of lightning at you!
The bolt of electricity hits you!
* * * LOW HITPOINT WARNING * * *
You mangle the electric eel!!
You kill the electric eel!
You hear a splash.
Okay, then.
The electric eel shoots out a bolt of lightning at you!
The bolt of electricity hits you!
You die...

####....##...##.#...≈≈≈≈..>.....!
........'.......÷.;≈≈.≈≈≈...
........#.....)<[....≈≈≈..≈.
........#.).....†)...≈≈≈≈≈.≈
........#............≈≈≈≈≈≈≈
........#............≈..≈≈≈.
####..####.....##..†≈...≈.≈≈
###..#######+###..........≈
#.....#.....÷..@.....#.....
#.....#<.............#.....
#.....#..............# ....
#.....#..............# ....
#.....#..............#
#.....#..............#
#.....#..............#
###..####.....######## ####
#.....#


You could see an electric eel.

Vanquished Creatures
  Harold (D:7)
  An unseen horror (D:7)
  Joseph (D:7)
  A troll (D:7)
  A wraith (D:7)
  A steam dragon (D:8)
  2 ice beasts
  2 sky beasts
  An orc warrior (D:6)
  A black bear (D:7)
  2 necrophages
  2 phantoms
  A centaur (D:6)
  3 wolves (D:8)
  6 ogres
  3 bullfrogs
  A scorpion (D:6)
  A troll zombie (D:7)
  4 killer bees (D:8)
  A wight (D:7)
  An electric eel (D:8)
  A bullfrog zombie (D:6)
  A centaur zombie (D:8)
  A jelly (D:8)
  8 hounds
  Crazy Yiuf (D:3)
  A gnoll shaman (D:8)
  4 human zombies (D:7)
  3 orc priests
  3 orc wizards
  2 bullfrog skeletons
  Ijyb (D:3)
  3 worker ants
  A killer bee zombie (D:7)
  4 mummies (D:7)
  A hound zombie (D:6)
  11 gnolls
  10 adders
  4 shadow imps
  An ooze (D:4)
  An adder zombie (D:4)
  3 dart slugs
  5 leopard geckos
  29 orcs
  6 giant cockroaches
  4 goblins
  12 hobgoblins
  9 jackals
  8 kobolds
  A quokka (D:8)
  A ball python (D:3)
  7 bats
  3 frilled lizards
  A quokka zombie (D:7)
  6 rats
194 creatures vanquished.

Vanquished Creatures (others)
  A black bear (D:7)
  An orc (D:4)
  A giant cockroach (D:7)
  A jackal (D:8)
4 creatures vanquished.

Grand Total: 198 creatures vanquished

Notes
Turn   | Place    | Note
-------+----------+-------------------------------------------
     0 | D:1      | RoseArtemis the Troll Monk began the quest for the Orb.
     0 | D:1      | Reached XP level 1. HP: 22/22 MP: 0/0
   158 | D:1      | Reached XP level 2. HP: 29/29 MP: 1/1
   560 | D:2      | Reached XP level 3. HP: 31/36 MP: 2/2
   562 | D:2      | Reached skill level 1 in Armour
   704 | D:2      | Reached skill level 4 in Unarmed Combat
   738 | D:2      | Reached XP level 4. HP: 44/44 MP: 3/3
   911 | D:2      | Found a stormy altar of Qazlal.
  1030 | D:2      | Found a faded altar of an unknown god.
  1480 | D:3      | Reached XP level 5. HP: 38/53 MP: 4/4
  1532 | D:3      | Noticed Ijyb
  1542 | D:3      | Killed Ijyb
  1564 | D:3      | Found a runed door.
  1593 | D:3      | You fall through a shaft for 2 floors!
  1593 | D:5      | Entered Level 5 of the Dungeon
  1601 | D:5      | Reached skill level 5 in Unarmed Combat
  1601 | D:5      | Noticed an ogre
  1614 | D:5      | Killed an ogre
  1614 | D:5      | Reached XP level 6. HP: 17/61 MP: 5/5
  1888 | D:5      | Found a hide-covered altar of Uskayaw.
  1930 | D:5      | Noticed a sky beast
  1946 | D:5      | Killed a sky beast
  1946 | D:5      | Reached skill level 6 in Unarmed Combat
  2025 | D:5      | Reached XP level 7. HP: 64/68 MP: 6/6
  2463 | D:4      | Found a shattered altar of Ashenzari.
  2568 | D:4      | Found Zireich's Food Shoppe.
  3122 | D:3      | Noticed Crazy Yiuf
  3127 | D:3      | Killed Crazy Yiuf
  3127 | D:3      | Reached skill level 7 in Unarmed Combat
  3249 | D:5      | Found a sparkling altar of Nemelex Xobeh.
  3323 | D:5      | Reached XP level 8. HP: 73/79 MP: 7/7
  3330 | D:5      | Found Viuv's Distillery.
  3534 | D:5      | Found a shadowy altar of Dithmenos.
  3550 | D:5      | Found an iron altar of Okawaru.
  4014 | D:6      | Found a staircase to the Ecumenical Temple.
  4022 | Temple   | Entered the Ecumenical Temple
  4624 | D:6      | Found a white marble altar of Elyvilon.
  4663 | D:6      | Reached skill level 8 in Unarmed Combat
  4681 | D:6      | Reached skill level 5 in Fighting
  4781 | D:6      | Found a sacrificial altar of Ru.
  4789 | D:6      | Became a worshipper of Ru the Awakened
  4814 | D:6      | Gained mutation: You cannot study or cast Fire magic. [Ru
                  | sacrifice]
  4814 | D:6      | Gained mutation: You cannot study or cast Hexes magic. [Ru
                  | sacrifice]
  4814 | D:6      | Gained mutation: You cannot study or cast Translocations
                  | magic. [Ru sacrifice]
  4814 | D:6      | Reached * piety under Ru
  5377 | D:7      | Noticed Joseph
  5397 | D:7      | Killed Joseph
  5397 | D:7      | Reached skill level 9 in Unarmed Combat
  5397 | D:7      | Reached XP level 9. HP: 37/88 MP: 8/8
  5667 | D:7      | Reached skill level 5 in Armour
  5903 | D:7      | Found a basalt altar of Yredelemnul.
  5982 | D:7      | Reached skill level 10 in Unarmed Combat
  5989 | D:7      | Noticed Harold
  6041 | D:8      | Noticed a troll
  6061 | D:7      | Killed a troll
  6097 | D:7      | Killed Harold
  6097 | D:7      | Reached XP level 10. HP: 17/100 MP: 9/9
  6194 | D:7      | Found a shimmering altar of Xom.
  6256 | D:7      | Killed an unseen horror
  6375 | D:8      | Reached skill level 11 in Unarmed Combat
  6400 | D:8      | Found a snail-covered altar of Cheibriados.
  6562 | D:8      | HP: 4/102 [electric eel/bolt of electricity (7)]
  6646 | D:8      | Found a staircase to the Lair.
  6672 | D:8      | Found a bloodstained altar of Trog.
  6702 | D:8      | Gained mutation: You cannot be stealthy. [Ru sacrifice]
  6716 | D:8      | Killed from afar by an electric eel

Vault maps used:
D:1:      dpeg_arrival_boxes_within_box
D:2:      lemuel_doored_altar, chequers_ecumenical_altar_simple_redux
D:3:      uniq_ijyb, uniq_crazy_yiuf_cottage
D:4:      evilmike_ruin_ashenzari, serial_shops, nicolae_shop_waterfront,
          minmay_cut_off
D:5:      lemuel_round_altar, minitemple, kennysheep_little_box, first_ration,
          serial_shops, kennysheep_mini, supply_closet_lemuel,
          hangedman_decor_growths, minmay_misc_feat_chi
D:6:      hangedman_ru_absence, elyvilon_altar_5, minmay_temple_entry_mini_moons
D:7:      brannock_xom_greatest_gift, lemuel_mausoleum_altar_yredelemnul,
          grunt_ogre_cave, uniq_joseph, uniq_harold
D:8:      overflow_temple_1_default, lemuel_coloured_pillars_altar,
          lemuel_blue_sif_altar, erik_lair_island, basic_altar
Temple:   compressed_dpeg_triangle_lava_temple

Skill      XL: |  1  2  3  4  5  6  7  8  9 10 |
---------------+-------------------------------+-----
Armour         | 1 2 3 4 5 6 |  6.4
Unarmed Combat | 4 5 6 7 9 10 11 | 11.4
Fighting       | 3 4 5 6 7 |  7.0
Stealth        | 0 |  0.0
Dodging        | |  2.4

Action                   |  1- 3 |  4- 6 |  7- 9 | 10-12 || total
-------------------------+-------+-------+-------+-------++-------
Melee: Unarmed           |    64 |   136 |   346 |    96 ||   642
       Punch             |       |     4 |    11 |     2 ||    17
Invok: Sacrifice Arcana  |       |       |     1 |       ||     1
       Sacrifice Stealth |       |       |       |     1 ||     1
  Use: Scroll            |     3 |     3 |    15 |     4 ||    25
       Potion            |       |       |     1 |     6 ||     7
 Stab: Sleeping          |       |     8 |     6 |       ||    14
       Distracted        |       |       |       |     1 ||     1
  Eat: Chunk             |    12 |    11 |    38 |     6 ||    67
Armor: Robe              |    31 |    30 |    41 |       ||   102
       Troll leather arm |       |       |    36 |    72 ||   108
Dodge: Dodged            |    57 |    51 |   128 |    99 ||   335

Table legend:
 A = Non-vault XP
 B = Vault XP
 C = Vault XP percentage of total XP
 D = Non-vault monster count
 E = Vault monster count
 F = Vault count percentage of total count
                 A         B        C        D         E       F
            +---------+---------+-------+---------+---------+-------
      Total |    4812 |    3190 |  39.9 |     170 |      26 |  13.3
            +---------+---------+-------+---------+---------+-------
        D:1 |      37 |       0 |   0.0 |      20 |       0 |   0.0
        D:2 |     119 |       0 |   0.0 |      21 |       0 |   0.0
        D:3 |      95 |      79 |  45.4 |      23 |       2 |   8.0
        D:4 |     410 |      36 |   8.1 |      21 |       2 |   8.7
        D:5 |     691 |       0 |   0.0 |      22 |       0 |   0.0
        D:6 |     777 |       0 |   0.0 |      23 |       0 |   0.0
        D:7 |    1540 |    2608 |  62.9 |      21 |      16 |  43.2
        D:8 |    1143 |     467 |  29.0 |      19 |       6 |  24.0
            +---------+---------+-------+---------+---------+-------
